 Dungeon Crawl Stone Soup version 0.32-a0-814-g0968bab981 (webtiles) character file.

Game seed: 11366239733673488783

684 warriortoast the Sneak (level 7, -1/47 HPs)
             Began as an Octopode Shapeshifter on Mar 22, 2024.
             Slain by an orc
             ... wielding a +0 club
              (5 damage)
             ... on level 5 of the Dungeon.
             The game lasted 00:06:00 (4582 turns).

warriortoast the Sneak (Octopode Shapeshifter)      Turns: 4582, Time: 00:06:00

Health: -1/47      AC:  1    Str: 16    XL:     7   Next: 62%
Magic:  7/7        EV:  2    Int: 12    God:
Gold:   143        SH:  0    Dex: 11    Spells: 6/6 levels left

rFire   + .          .
                       - Unarmed
rCold   + . .        (no shield)
rNeg    . . .        (helmet currently unavailable)
rPois   .            (no amulet)
rElec   .            i - ring of protection from fire
rCorr   .            o - ring of protection from cold
SInv    .            (no ring)
Will    .....        (no ring)
Stlth   ++++         (no ring)
HPRegen 0.27/turn    (no ring)
MPRegen 0.10/turn    (no ring)
                     (no ring)

%: no passive effects
@: beast-form, sleeping
A: beast (slay +2), almost no armour, amphibious, 8 rings, camouflage 1,
gelatinous body 1, (nimble swimmer 1), tentacles
a: Begin Untransformation


You were on level 5 of the Dungeon.
You were a hulking beast.
You visited 1 branch of the dungeon, and saw 5 of its levels.

You collected 302 gold pieces.
You spent 159 gold pieces at shops.

Inventory:

Missiles
 f - 19 poisoned darts (quivered)
Jewellery
 i - a ring of protection from fire (left tentacle)
 o - a ring of protection from cold (right tentacle)
 t - a ring of see invisible
 w - a ring of wizardry
Talismans
 b - a beast talisman (active)
 c - a flux talisman
Scrolls
 d - 3 scrolls of teleportation
 e - a scroll of vulnerability
 m - a scroll of summoning {unknown}
 r - 2 scrolls of poison {unknown}
 u - a scroll of noise {unknown}
 x - a scroll of blinking {unknown}
Potions
 a - a potion of lignification
 g - a potion of mutation {unknown}
 h - a potion of invisibility
 j - 4 potions of heal wounds {unknown}
 k - 2 potions of might
 l - a potion of enlightenment {unknown}
 n - a potion of attraction {unknown}
 p - 3 potions of curing {unknown}
 q - a potion of brilliance {unknown}
 s - a potion of cancellation {unknown}
 v - a potion of haste {unknown}


   Skills:
 + Level 3.9 Fighting
 - Level 2.9 Dodging
 - Level 5.0 Stealth
 + Level 4.9 Unarmed Combat
 + Level 4.6 Shapeshifting


You had 6 spell levels left.
You didn't know any spells.
Your spell library contained the following spells:

 Spells                   Type           Power      Damage    Failure   Level
 Shock                    Conj/Air       0%         1d3       32%         1
 Dazzling Flash           Conj/Hex       0%         N/A       69%         3
 Swiftness                Air            0%         N/A       69%         3
 Airstrike                Air            0%         2d(0-16)  97%         4
 Starburst                Conj/Fire      0%         6d3       100%        6
 Maxwell's Capacitive Co  Air            0%         ∞         100%        8


Dungeon Overview and Level Annotations

Branches:
Dungeon (5/15)
 Temple: D:4-7

Altars:
Gozag
Nemelex Xobeh
Ru

Shops:
D:2 (   D:3 *


Innate Abilities, Weirdness & Mutations

You are a hulking beast.
Your limbs bulge with bestial killing power. (Slay +2)
You cannot wear most types of armour.
You are amphibious.
You can wear up to eight rings at the same time.
Your skin changes colour to match your surroundings (Stealth+).
Your rubbery body absorbs attacks. (AC +1, EV +1)
((You are camouflaged when in or above water. (Stealth+)))
You have tentacles for arms and can constrict up to eight enemies at once.


Message History

You tentacle-slap something. The orc misses you. Something hits you.
The orc closely misses you.
You tentacle-slap something.
Your tentacle-slap misses something.
You closely miss something. The orc hits you with a +0 hand axe.
The orc closely misses you.
You hear some strange, mumbled words.
A puff of flame appears from out of thin air!
The puff of flame hits you. You resist.
You tentacle-slap something but do no damage.
The orc hits you with a +0 club. The orc hits you but does no damage.
Something hits you.
You tentacle-slap something.
Reactivating autopickup.
You feel a bit more experienced. The orc hits you with a +0 club.
* * * LOW HITPOINT WARNING * * *
The orc closely misses you.
You tentacle-slap the sleepcap. You grab the sleepcap.
The sleepcap is lightly damaged.
You constrict the sleepcap. The orc closely misses you.
The orc hits you with a +0 hand axe.
* * * LOW HITPOINT WARNING * * *
The sleepcap closely misses you.
You bludgeon the sleepcap!
The sleepcap is heavily damaged.
You constrict the sleepcap. The sleepcap barely misses you.
The orc closely misses you. x2
You tentacle-slap the sleepcap.
The sleepcap is severely damaged.
You constrict the sleepcap. The orc closely misses you.
The orc hits you with a +0 hand axe.
* * * LOW HITPOINT WARNING * * *
The sleepcap barely misses you.
You tentacle-slap the sleepcap but do no damage.
The sleepcap is almost destroyed.
You constrict the sleepcap. The sleepcap releases spores at you.
* * * LOW HITPOINT WARNING * * *
You are engulfed in a cloud of soporific spores!
You fall asleep.
You lose your grip on the sleepcap.
The orc hits you with a +0 club.
You die... ..[..<.........#. #..#. #####......##..#. ..>. #....#..#..## .?.# #....#..#.... ...### ###..#..)....
B...# #.......#<. #.5.# ##........< #ofo#

.....#####.# #.h#
##.#.# ###.. #..#
...#.###...# .
#..########.##....# ..
#..)#...........#.#
......#.#.#####.....#.#
.###..#.#.### #..#..#..
#..#.#.#.###..#..###
###......#.##...#..#
..........#.....##...


You could see a sleepcap, a bombardier beetle, an ufetubus and 2 orcs.

Vanquished Creatures
  A centaur (D:5)
  A scorpion (D:4)
  A hound (D:3)
  3 jellies (D:5)
  3 orc priests (D:4)
  3 iguanas
  3 orc wizards
  7 adders
  An ufetubus (D:5)
  3 dart slugs (D:1)
  A ribbon worm (D:3)
  11 orcs
  12 endoplasms
  3 hobgoblins
  8 jackals
  5 quokkas
  9 ball pythons
  3 bats
  A frilled lizard (D:1)
  7 goblins
  15 kobolds
  A rat (D:1)
102 creatures vanquished.

Notes
Turn   | Place    | Note
-------+----------+-------------------------------------------
     0 | D:1      | warriortoast the Octopode Shapeshifter began the quest for
                  | the Orb.
     0 | D:1      | Reached XP level 1. HP: 13/13 MP: 1/1
   346 | D:1      | Reached XP level 2. HP: 18/18 MP: 2/2
   399 | D:1      | Reached skill level 1 in Stealth
   937 | D:2      | Reached XP level 3. HP: 21/23 MP: 3/3
  1098 | D:2      | Found Sakhot's Weapon Boutique.
  1496 | D:3      | Reached skill level 2 in Stealth
  1496 | D:3      | Reached XP level 4. HP: 26/29 MP: 4/4
  1920 | D:3      | Reached XP level 5. HP: 34/34 MP: 5/5
  1960 | D:3      | Found a sacrificial altar of Ru.
  2051 | D:3      | Found Ananur's Assorted Antiques.
  2065 | D:3      | Bought a coppery potion for 24 gold pieces
  2065 | D:3      | Bought a garnet ring for 135 gold pieces
  2305 | D:3      | Found an opulent altar of Gozag.
  2305 | D:3      | Found a sparkling altar of Nemelex Xobeh.
  2451 | D:4      | Reached skill level 3 in Stealth
  2457 | D:4      | Reached XP level 6. HP: 9/41 MP: 6/6
  2693 | D:4      | Reached skill level 4 in Stealth
  3619 | D:5      | Entered Level 5 of the Dungeon
  3640 | D:5      | HP: 1/42 [orc wizard/magic dart (3)]
  3642 | D:5      | Reached XP level 7. HP: 1/46 MP: 7/7
  4292 | D:5      | Reached skill level 5 in Stealth
  4582 | D:5      | Slain by an orc

Illustrated notes

Levels and vault maps discovered:
D:1:      nagdon_arrival_zigzag_paths, layout_basic, serial_rivers,
          chequers_serial_rivers_micro_d, chequers_serial_rivers_large_a,
          chequers_serial_rivers_small_3, chequers_serial_rivers_small_b,
          chequers_serial_rivers_room_b, chequers_serial_rivers_room_b
D:2:      layout_basic, serial_shops, shop
D:3:      layout_loops_ring, grunt_temple_overflow_opulence,
          nicolae_ru_sacrificial_ziggurat, serial_shops, shop_coins,
          grunt_decor_resistance, nicolae_houndstooth_variations
D:4:      layout_loops_ring
D:5:      cheibrodos_fertilizer, layout_basic, trog_butcher_becter,
          minmay_temple_entry_large_hall, grunt_ministairs_11,
          kennysheep_generic_room_11

Skill      XL: |  1  2  3  4  5  6  7 |
---------------+----------------------+-----
Stealth        | 1 2 3 4 5 |  5.0
Fighting       | 2 3 |  3.9
Unarmed Combat | 4 |  4.9
Shapeshifting  | 4 |  4.6
Dodging        | |  2.9

Action                     |  1- 3 |  4- 6 |  7- 9 || total
---------------------------+-------+-------+-------++-------
  Melee: Unarmed           |    44 |   104 |    56 ||   204
         Constrict         |    16 |    26 |     8 ||    50
         Tentacles         |     5 |    15 |    10 ||    30
         Punch             |       |     6 |     3 ||     9
  Throw: Dart              |     1 |       |       ||     1
    Use: Scroll            |       |     4 |     1 ||     5
         Potion            |       |     1 |     1 ||     2
   Stab: Sleeping          |     7 |    10 |     4 ||    21
         Distracted        |       |       |     1 ||     1
 Armour: Skin              |    18 |    85 |    32 ||   135
  Dodge: Dodged            |    23 |    50 |    44 ||   117

Table legend: (Time is in decaauts)
 A = Elapsed time spent in this place.
 B = Non-inter-level travel time spent in this place.
 C = Inter-level travel time spent in this place.
 D = Time resting spent in this place.
 E = Time spent auto-exploring this place.
 F = Levels seen in this place.
 G = Mean time per level.
                   A        B        C        D        E       F      G
               +--------+--------+--------+--------+--------+-----+--------+
         Total |   4565 |   4466 |     99 |    797 |   3052 |   5 |  913.0 |
       Dungeon |   4565 |   4466 |     99 |    797 |   3052 |   5 |  913.0 |
               +--------+--------+--------+--------+--------+-----+--------+

Top non-repeatable levels by time:
     D:4: 1214 daAuts
     D:5: 957 daAuts
     D:3: 923 daAuts
     D:1: 851 daAuts
     D:2: 619 daAuts
